 Dungeon Crawl Stone Soup version 0.13.1-20-gf50ca03 (webtiles) character file.

375 Kae the Ruffian (level 5, 0/40 HPs)
             Began as a Draconian Transmuter on Dec 31, 2013.
             Slain by an orc
             ... wielding a +0,+0 orcish club
              (1 damage)
             ... on Level 4 of the Dungeon.
             The game lasted 00:02:36 (2396 turns).

Kae the Ruffian (Draconian Transmuter)              Turns: 2396, Time: 00:02:36

HP   0/40        AC  6     Str 13      XL: 5   Next: 54%
MP  16/16        EV 12     Int 13      God:
Gold 168         SH  0     Dex 12      Spells:  3 memorised,  2 levels left

Res.Fire  : . . .   See Invis. : .     - Unarmed
Res.Cold  : . . .   Warding    : .   (armour unavailable)
Life Prot.: . . .   Conserve   : .   (no shield)
Res.Poison: .       Res.Corr.  : .   (helmet restricted)
Res.Elec. : .       Clarity    : .   v - +0 cloak
Sust.Abil.: . .     Spirit.Shd : .   (no gloves)
Res.Mut.  : .       Stasis     : .   (no boots)
Res.Rott. : .       Flight     : .   (no amulet)
Saprovore : . . .                    h - ring of regeneration
                                     g - ring of magical power

@: appendage (expiring), slowed, very slow, slightly resistant to hostile
enchantments, unstealthy
A: unfitting armour, horns 2, AC +5
a: End Transformation


You were on level 4 of the Dungeon.
You were hungry.
You had grown temporary horns.
You visited 1 branch of the dungeon, and saw 4 of its levels.

You collected 148 gold pieces.

Inventory:

Missiles
 b - 67 arrows
Armour
 v - a +0 cloak (worn)
Comestibles
 a - a bread ration
 w - a pear
Scrolls
 c - 5 scrolls of identify {unknown}
 e - 2 scrolls of teleportation {unknown}
 f - a scroll of magic mapping {unknown}
 k - a scroll of curse weapon {unknown}
 n - 2 scrolls of enchant weapon I {unknown}
 o - a scroll of enchant weapon II {unknown}
 p - a scroll of curse armour {unknown}
 q - a scroll of enchant armour {unknown}
 r - 2 scrolls of noise {unknown}
 s - a scroll of random uselessness {unknown}
 u - a scroll of fear {unknown}
Jewellery
 g - a ring of magical power (left hand)
 h - a ring of regeneration (right hand)
Potions
 i - 2 potions of cure mutation {unknown}
 j - a potion of speed {unknown}
 l - 4 potions of curing {unknown}
 m - a potion of restore abilities {unknown}
 t - 2 potions of heal wounds {unknown}
 x - a potion of magic {unknown}
Books
 d - a book of Changes

   Spells                             Type                      Level
   *Beastly Appendage                 Transmutation                1
   *Sticks to Snakes                  Transmutation                2
   *Spider Form                       Transmutation/Poison         3
   Ice Form                           Ice/Transmutation            4
   Blade Hands                        Transmutation                5


   Skills:
 - Level 1.1 Fighting
 - Level 1.7 Dodging
 * Level 5.3 Unarmed Combat
 - Level 2.0 Spellcasting
 + Level 3.8 Transmutations


You had 2 spell levels left.
You knew the following spells:

 Your Spells              Type           Power        Failure   Level  Hunger
a - Beastly Appendage     Trmt           ##....       8%          1    ##.....
b - Sticks to Snakes      Trmt           ##........   10%         2    ###....
c - Spider Form           Trmt/Pois      #.........   38%         3    ####...


Dungeon Overview and Level Annotations

Branches:
Dungeon (4/27)
 Temple: D:4-7

Altars:
Kikubaaqudgha
Nemelex Xobeh
the Shining One


Innate Abilities, Weirdness & Mutations

Your plain brown scales are hard (AC +5).*
Your body does not fit into most forms of armour.
Your cold-blooded metabolism reacts poorly to cold.
You have a pair of horns on your head.*


Message History

The orc wizard hits you but does no damage.
The orc closely misses you.
Unknown command.
You hit the orc wizard but do no damage.
The orc wizard is heavily wounded.
Your transformation is almost over.
The orc wizard is no longer moving quickly.
The orc wizard hits you with an orcish dagger.
* * * LOW HITPOINT WARNING * * *
The orc hits you with an orcish hand axe.
* * * LOW HITPOINT WARNING * * *
The orc wizard hits you but does no damage.
The orc hits you with an orcish club.
* * * LOW HITPOINT WARNING * * *
The orc hits you but does no damage.
You miss the orc wizard.
Your tail-slap misses the orc wizard.
The orc wizard is heavily wounded.
The orc wizard hits you but does no damage.
The orc hits you with an orcish club.
You die...

#..........# #...............
#..........# #...........#.#.
#..........# ###.##..........
#..........# #.##......#.#.
#..........# #.##..........
#..........### #.##......#.#.
#.#####......###.##....%.....
#...........oo...............
#######....o@###.##..........
#...<..# #.##..........
#......# #o########....
#......# #o# #..<. #......#
... #.... #......# ... #####
.......##.?o. ##>.....######
########


You could see an orc wizard and 2 orcs.

Vanquished Creatures
  A hound (D:4)
  An orc priest (D:4)
  A worker ant (D:4)
  5 adders (D:2)
  An inept item mimic (D:2)
  A giant mite (D:3)
  3 orcs (D:3)
  7 bats
  A giant cockroach (D:3)
  7 goblins
  13 hobgoblins
  5 jackals
  6 kobolds
  2 ball pythons (D:3)
  2 giant geckos
  2 giant newts
  A gnoll skeleton (D:4)
  5 rats
64 creatures vanquished.

Notes
Turn   | Place    | Note
--------------------------------------------------------------
     0 | D:1      | Kae, the Draconian Transmuter, began the quest for the Orb.
     0 | D:1      | Reached XP level 1. HP: 16/16 MP: 1/1
   311 | D:1      | Reached XP level 2. HP: 23/23 MP: 3/3
   638 | D:2      | Found a glowing golden altar of the Shining One.
   667 | D:2      | Reached XP level 3. HP: 20/28 MP: 4/4
   812 | D:2      | Reached skill level 4 in Unarmed Combat
   994 | D:2      | Reached XP level 4. HP: 8/35 MP: 6/6
  1182 | D:2      | Found an ancient bone altar of Kikubaaqudgha.
  1216 | D:2      | Found a sparkling altar of Nemelex Xobeh.
  1597 | D:3      | Learned a level 2 spell: Sticks to Snakes
  1601 | D:3      | Learned a level 3 spell: Spider Form
  2147 | D:4      | Reached XP level 5. HP: 37/40 MP: 7/7
  2182 | D:4      | Reached skill level 5 in Unarmed Combat
  2395 | D:4      | HP: 1/40 [orc/orcish club (5)]
  2396 | D:4      | Slain by an orc

Action                   |  1- 3 |  4- 6 || total
-------------------------+-------+-------++-------
Melee: Unarmed           |   153 |   125 ||   278
 Cast: Beastly Appendage |     2 |     5 ||     7
